TOP OF THE 1ST |
Greensboro Grasshoppers batting - Pitching for Atlanta (MID) Braves : RHP Ian Breaux
|
Pitching: RHP Ian Breaux
|
|
Batting: RHB Tom Thompson
|
0-0: Called Strike 0-1: Ground out 6-3 (Groundball, 6, EV 90.6 MPH)
|
Batting: RHB Masumitsu Sugiura
|
0-0: Called Strike 0-1: Ground out 4-3 (Groundball, 4, EV 88.8 MPH)
|
Batting: RHB Isaiah Brockman
|
0-0: Swinging Strike 0-1: Ball 1-1: Swinging Strike 1-2: Ball 2-2: Strikes out swinging
|
Top of the 1st over - 0 runs, 0 hits, 0 errors, 0 left on base; Greensboro 0 - Atlanta (MID) 0 |
BOTTOM OF THE 1ST |
Atlanta (MID) Braves batting - Pitching for Greensboro Grasshoppers : RHP Earl Shepherd
|
Pitching: RHP Earl Shepherd
|
|
Batting: SHB Brandon McClain
|
0-0: Ball 1-0: Ball 2-0: Foul Ball, location: 2F 2-1: Ball 3-1: Ground out 4-3 (Groundball, 4M, EV 90.0 MPH)
|
Batting: RHB Andy Cunningham
|
0-0: Foul Ball, location: 2F 0-1: Ball 1-1: Ball 2-1: Ball 3-1: Called Strike 3-2: Base on Balls
|
Batting: RHB Xavier Davis
|
0-0: Called Strike Andy Cunningham steals 2nd base 0-1: Ball 1-1: Called Strike Andy Cunningham steals 3rd base 1-2: Foul Ball, location: 2F 1-2: Foul Ball, location: 2F 1-2: Fly out, F8 (Flyball, 8LD, EV 103.8 MPH) Runner from 3rd tags up, SCORES, no throw by CF
|
Batting: RHB Joseph Kirchmann
|
0-0: Ball 1-0: Swinging Strike 1-1: Ball 2-1: Ground out 6-3 (Groundball, 6, EV 105.6 MPH)
|
Bottom of the 1st over - 1 run, 0 hits, 0 errors, 0 left on base; Greensboro 0 - Atlanta (MID) 1 |
TOP OF THE 2ND |
Greensboro Grasshoppers batting - Pitching for Atlanta (MID) Braves : RHP Ian Breaux
|
Batting: RHB Jake Shelton
|
0-0: Ball 1-0: Foul Ball, location: 2F 1-1: Fly out, F2 (Popup, 2RF, EV 88.1 MPH)
|
Batting: RHB Boof Howell
|
0-0: Ball 1-0: Ball 2-0: Ball 3-0: Called Strike 3-1: Base on Balls
|
Batting: RHB Jordan Arcidez
|
0-0: Ball 1-0: Ball 2-0: Ball 3-0: Called Strike 3-1: Called Strike 3-2: Base on Balls Boof Howell to second
|
Batting: RHB Bob Raine
|
0-0: DOUBLE (Flyball, 8LXD, EV 111.9 MPH) Boof Howell scores Jordan Arcidez to third
|
Batting: RHB Wei-guo Tsu
|
0-0: Ball 1-0: Swinging Strike 1-1: Called Strike 1-2: Ball 2-2: Ball 3-2: SINGLE (Groundball, 6MD, EV 98.8 MPH) Jordan Arcidez scores Bob Raine to third
|
Batting: RHB Guillermo Rios
|
0-0: Called Strike 0-1: Called Strike 0-2: Ball 1-2: Foul Ball, location: 2F 1-2: Strikes out swinging
|
Batting: RHB Tom Thompson
|
0-0: Called Strike 0-1: Ball 1-1: Ball 2-1: Foul Ball, location: 2F 2-2: Strikes out looking
|
Top of the 2nd over - 2 runs, 2 hits, 0 errors, 2 left on base; Greensboro 2 - Atlanta (MID) 1 |
BOTTOM OF THE 2ND |
Atlanta (MID) Braves batting - Pitching for Greensboro Grasshoppers : RHP Earl Shepherd
|
Batting: LHB Mark Thomas
|
0-0: Ball 1-0: Ball 2-0: Foul Ball, location: 2F 2-1: Foul Ball, location: 2F 2-2: Ball 3-2: Foul Ball, location: 2F 3-2: Hit by Pitch
|
Batting: LHB Travis Lazaro
|
0-0: Called Strike 0-1: Ball 1-1: Called Strike 1-2: Ball 2-2: Strikes out swinging
|
Batting: RHB Mike Shook
|
0-0: Foul Ball, location: 2F 0-1: Ball 1-1: Foul Ball, location: 2F 1-2: Foul Ball, location: 2F 1-2: Ball 2-2: Strikes out looking
|
Batting: RHB Yorkis Saiki
|
0-0: Called Strike 0-1: SINGLE (Groundball, 34D, EV 95.0 MPH) Mark Thomas to second Runner from 2nd tries for 3rd, OUT! 9-5
|
Bottom of the 2nd over - 0 runs, 1 hit, 0 errors, 1 left on base; Greensboro 2 - Atlanta (MID) 1 |
TOP OF THE 3RD |
Greensboro Grasshoppers batting - Pitching for Atlanta (MID) Braves : RHP Ian Breaux
|
Batting: RHB Masumitsu Sugiura
|
0-0: Foul Ball, location: 2F 0-1: Foul Ball, location: 2F 0-2: Fly out, F4 (Flyball, 4D, EV 86.9 MPH)
|
Batting: RHB Isaiah Brockman
|
0-0: SINGLE (Groundball, 4MD, EV 93.8 MPH)
|
Pitching: RHP Todd Cox
|
|
Batting: RHB Jake Shelton
|
0-0: Ball 1-0: Foul Ball, location: 2F 1-1: Ball 2-1: SINGLE (Line Drive, 8RS, EV 94.4 MPH) Isaiah Brockman to second
|
Batting: RHB Boof Howell
|
0-0: Ball 1-0: Grounds into double play, 4-6-3 (Groundball, 4, EV 102.5 MPH)
|
Top of the 3rd over - 0 runs, 2 hits, 0 errors, 1 left on base; Greensboro 2 - Atlanta (MID) 1 |
BOTTOM OF THE 3RD |
Atlanta (MID) Braves batting - Pitching for Greensboro Grasshoppers : RHP Earl Shepherd
|
Batting: RHB Bobby Light
|
0-0: Ball 1-0: Ball 2-0: Ball 3-0: Called Strike 3-1: Ground out 3-1 (Groundball, 34, EV 85.6 MPH)
|
Batting: SHB Brandon McClain
|
0-0: Foul Ball, location: 2F 0-1: Foul Ball, location: 2F 0-2: SINGLE (Groundball, 34S, EV 68.8 MPH) (infield hit)
|
Batting: RHB Andy Cunningham
|
0-0: Ball Brandon McClain steals 2nd base 1-0: Ball 2-0: Called Strike Brandon McClain steals 3rd base 2-1: Called Strike 2-2: Strikes out swinging
|
Batting: RHB Xavier Davis
|
0-0: Called Strike 0-1: Swinging Strike 0-2: Foul Ball, location: 2F 0-2: Strikes out swinging
|
Bottom of the 3rd over - 0 runs, 1 hit, 0 errors, 1 left on base; Greensboro 2 - Atlanta (MID) 1 |
TOP OF THE 4TH |
Greensboro Grasshoppers batting - Pitching for Atlanta (MID) Braves : RHP Todd Cox
|
Batting: RHB Jordan Arcidez
|
0-0: Called Strike 0-1: Ball 1-1: Swinging Strike 1-2: Ball 2-2: Ball 3-2: Ground out 5-3 (Groundball, 56S, EV 86.3 MPH)
|
Batting: RHB Bob Raine
|
0-0: Called Strike 0-1: Hit by Pitch
|
Batting: RHB Wei-guo Tsu
|
0-0: Called Strike 0-1: Swinging Strike 0-2: Ball 1-2: Foul Ball, location: 2F 1-2: Foul Ball, location: 2F 1-2: Strikes out swinging
|
Batting: RHB Guillermo Rios
|
0-0: Ball 1-0: Swinging Strike 1-1: Called Strike 1-2: Foul Ball, location: 2F 1-2: Fielders Choice at 2nd, 5-4 (Groundball, 5L, EV 106.3 MPH)
|
Top of the 4th over - 0 runs, 0 hits, 0 errors, 1 left on base; Greensboro 2 - Atlanta (MID) 1 |
BOTTOM OF THE 4TH |
Atlanta (MID) Braves batting - Pitching for Greensboro Grasshoppers : RHP Earl Shepherd
|
Batting: RHB Joseph Kirchmann
|
0-0: Ball 1-0: Ball 2-0: Ball 3-0: Swinging Strike 3-1: Base on Balls
|
Batting: LHB Mark Thomas
|
0-0: Ball 1-0: Ball 2-0: Called Strike Joseph Kirchmann steals 2nd base (no throw) 2-1: Foul Ball, location: 2F 2-2: Strikes out swinging
|
Batting: LHB Travis Lazaro
|
0-0: Called Strike 0-1: Ball 1-1: Called Strike Joseph Kirchmann steals 3rd base 1-2: Ball 2-2: Ball 3-2: Foul Ball, location: 2F 3-2: Foul Ball, location: 2F 3-2: Ground out U3 (Groundball, 3, EV 80.0 MPH)
|
Batting: RHB Mike Shook
|
0-0: Called Strike 0-1: Foul Ball, location: 2F 0-2: Ball 1-2: Strikes out swinging
|
Bottom of the 4th over - 0 runs, 0 hits, 0 errors, 1 left on base; Greensboro 2 - Atlanta (MID) 1 |
TOP OF THE 5TH |
Greensboro Grasshoppers batting - Pitching for Atlanta (MID) Braves : RHP Todd Cox
|
Batting: RHB Tom Thompson
|
0-0: Foul Ball, location: 2F 0-1: Fly out, F4 (Popup, 4S, EV 85.0 MPH)
|
Batting: RHB Masumitsu Sugiura
|
0-0: Called Strike 0-1: Ball 1-1: Ground out 4-3 (Groundball, 34, EV 103.1 MPH)
|
Batting: RHB Isaiah Brockman
|
0-0: Called Strike 0-1: Swinging Strike 0-2: Strikes out swinging
|
Top of the 5th over - 0 runs, 0 hits, 0 errors, 0 left on base; Greensboro 2 - Atlanta (MID) 1 |
BOTTOM OF THE 5TH |
Atlanta (MID) Braves batting - Pitching for Greensboro Grasshoppers : RHP Earl Shepherd
|
Batting: RHB Yorkis Saiki
|
0-0: Ground out 5-3 (Groundball, 5S, EV 71.3 MPH)
|
Batting: RHB Bobby Light
|
0-0: Called Strike 0-1: Ball 1-1: Ground out 6-3 (Groundball, 6, EV 84.4 MPH)
|
Batting: SHB Brandon McClain
|
0-0: Called Strike 0-1: Ball 1-1: Ground out 6-3 (Groundball, 6, EV 77.5 MPH)
|
Bottom of the 5th over - 0 runs, 0 hits, 0 errors, 0 left on base; Greensboro 2 - Atlanta (MID) 1 |
TOP OF THE 6TH |
Greensboro Grasshoppers batting - Pitching for Atlanta (MID) Braves : RHP Todd Cox
|
Batting: RHB Jake Shelton
|
0-0: Ball 1-0: Called Strike 1-1: SINGLE (Groundball, 56, EV 103.1 MPH) (infield hit)
|
Batting: RHB Boof Howell
|
0-0: Ball Jake Shelton is caught stealing 2nd base 2-4 1-0: Foul Ball, location: 2F 1-1: Swinging Strike 1-2: Ball 2-2: Strikes out swinging
|
Batting: RHB Jordan Arcidez
|
0-0: Ball 1-0: Ball 2-0: Swinging Strike 2-1: Ball 3-1: Called Strike 3-2: Strikes out swinging
|
Top of the 6th over - 0 runs, 1 hit, 0 errors, 0 left on base; Greensboro 2 - Atlanta (MID) 1 |
BOTTOM OF THE 6TH |
Atlanta (MID) Braves batting - Pitching for Greensboro Grasshoppers : RHP Earl Shepherd
|
Pitching: LHP Nick Gore
|
|
Batting: RHB Andy Cunningham
|
0-0: Ball 1-0: Ground out 3-1 (Groundball, 34S, EV 80.6 MPH)
|
Batting: RHB Xavier Davis
|
0-0: Called Strike 0-1: Ball 1-1: Ball 2-1: Foul Ball, location: 2F 2-2: Foul Ball, location: 2F 2-2: Ball 3-2: Base on Balls
|
Batting: RHB Joseph Kirchmann
|
0-0: Ball 1-0: Ball Xavier Davis is caught stealing 2nd base 2-4 2-0: Called Strike 2-1: Foul Ball, location: 2F 2-2: Strikes out swinging
|
Bottom of the 6th over - 0 runs, 0 hits, 0 errors, 0 left on base; Greensboro 2 - Atlanta (MID) 1 |
TOP OF THE 7TH |
Greensboro Grasshoppers batting - Pitching for Atlanta (MID) Braves : RHP Todd Cox
|
Pitching: RHP Tom Lessor
|
|
Batting: RHB Bob Raine
|
0-0: Swinging Strike 0-1: Ball 1-1: Ball 2-1: Ball 3-1: Foul Ball, location: 2F 3-2: Ground out 6-3 (Groundball, 6M, EV 96.9 MPH)
|
Batting: RHB Wei-guo Tsu
|
0-0: Swinging Strike 0-1: Swinging Strike 0-2: Ball 1-2: Strikes out swinging
|
Batting: RHB Guillermo Rios
|
0-0: Ball 1-0: DOUBLE (Groundball, 5L, EV 103.8 MPH)
|
Batting: RHB Tom Thompson
|
0-0: Called Strike 0-1: Foul Ball, location: 2F 0-2: SINGLE (Groundball, 6MD, EV 107.5 MPH) Guillermo Rios to third Runner from 3rd tries for Home, SAFE, throw by CF to home
|
Batting: RHB Masumitsu Sugiura
|
0-0: Ball 1-0: Ball Tom Thompson steals 2nd base 2-0: Called Strike 2-1: Ground out 5-3 (Groundball, 5S, EV 75.0 MPH)
|
Top of the 7th over - 1 run, 2 hits, 0 errors, 1 left on base; Greensboro 3 - Atlanta (MID) 1 |
BOTTOM OF THE 7TH |
Atlanta (MID) Braves batting - Pitching for Greensboro Grasshoppers : LHP Nick Gore
|
Batting: LHB Mark Thomas
|
0-0: Ball 1-0: Foul Ball, location: 2F 1-1: Foul Ball, location: 2F 1-2: Foul Ball, location: 2F 1-2: Ball 2-2: Strikes out looking
|
Batting: LHB Travis Lazaro
|
0-0: Foul Ball, location: 2F 0-1: Ball 1-1: Ball 2-1: Ball 3-1: Base on Balls
|
Batting: RHB Mike Shook
|
0-0: Called Strike 0-1: Ball 1-1: Called Strike 1-2: Foul Ball, location: 2F 1-2: Strikes out swinging
|
Batting: RHB Yorkis Saiki
|
0-0: Ball 1-0: Called Strike 1-1: Ball 2-1: Ball 3-1: Fielders Choice at 2nd, 5-4 (Groundball, 56, EV 98.8 MPH)
|
Bottom of the 7th over - 0 runs, 0 hits, 0 errors, 1 left on base; Greensboro 3 - Atlanta (MID) 1 |
TOP OF THE 8TH |
Greensboro Grasshoppers batting - Pitching for Atlanta (MID) Braves : RHP Tom Lessor
|
Pitching: LHP Enrique Lopez
|
|
Batting: RHB Isaiah Brockman
|
0-0: Called Strike 0-1: Ball 1-1: Fly out, F4 (Popup, 4D, EV 66.9 MPH)
|
Batting: RHB Jake Shelton
|
0-0: Ball 1-0: Ball 2-0: SINGLE (Flyball, 7S, EV 85.6 MPH)
|
Batting: RHB Boof Howell
|
0-0: Swinging Strike 0-1: Called Strike 0-2: Strikes out swinging
|
Batting: RHB Jordan Arcidez
|
0-0: Ball 1-0: Called Strike 1-1: Called Strike 1-2: Ball 2-2: Strikes out swinging
|
Top of the 8th over - 0 runs, 1 hit, 0 errors, 1 left on base; Greensboro 3 - Atlanta (MID) 1 |
BOTTOM OF THE 8TH |
Atlanta (MID) Braves batting - Pitching for Greensboro Grasshoppers : LHP Nick Gore
|
Pitching: RHP Tamirat Abboud
|
|
Batting: RHB Bobby Light
|
0-0: Ball 1-0: Called Strike 1-1: Ball 2-1: Ball 3-1: Base on Balls
|
Batting: SHB Brandon McClain
|
0-0: Called Strike 0-1: Ball 1-1: Fielders Choice at 2nd, 4-6 (Groundball, 4, EV 106.3 MPH)
|
Batting: RHB Andy Cunningham
|
0-0: Called Strike 0-1: Ball 1-1: Called Strike 1-2: Fielders Choice at 2nd, 3-6 (Groundball, 34S, EV 88.8 MPH)
|
Batting: RHB Xavier Davis
|
0-0: Ball 1-0: Fielders Choice at 2nd, 6-4 (Groundball, 6, EV 95.0 MPH)
|
Bottom of the 8th over - 0 runs, 0 hits, 0 errors, 1 left on base; Greensboro 3 - Atlanta (MID) 1 |
TOP OF THE 9TH |
Greensboro Grasshoppers batting - Pitching for Atlanta (MID) Braves : LHP Enrique Lopez
|
Pitching: RHP Jeff Heaster
|
|
Batting: RHB Bob Raine
|
0-0: Ball 1-0: Ball 2-0: Swinging Strike 2-1: Ball 3-1: Reached on error, E6 (Groundball, 6, EV 99.4 MPH)
|
Batting: RHB Wei-guo Tsu
|
0-0: Swinging Strike 0-1: Ball 1-1: Ball 2-1: Ground out 5-3 (Groundball, 56S, EV 66.9 MPH) Bob Raine to second
|
Batting: RHB Guillermo Rios
|
0-0: Called Strike 0-1: SINGLE (Groundball, 56D, EV 101.3 MPH) Bob Raine to third
|
Batting: RHB Tom Thompson
|
0-0: Ball 1-0: Swinging Strike 1-1: SINGLE (Groundball, 6MD, EV 100.0 MPH) Bob Raine scores Guillermo Rios to second Runner from 2nd tries for 3rd, SAFE, no throw by CF
|
Pinch Runner at 3rd Chris Riddick:
|
|
Batting: RHB Masumitsu Sugiura
|
0-0: Ball 1-0: Foul Ball, location: 2F 1-1: Ball 2-1: Foul Ball, location: 2F 2-2: Ball 3-2: Fly out, F8 (Flyball, 78M, EV 78.1 MPH)
|
Batting: RHB Isaiah Brockman
|
0-0: Called Strike 0-1: Foul Ball, location: 2F 0-2: Ball 1-2: Hit by Pitch Tom Thompson to second
|
Batting: RHB Jake Shelton
|
0-0: Ball 1-0: Ball 2-0: Called Strike 2-1: Fielders Choice at 2nd, 5-4 (Groundball, 56, EV 106.3 MPH)
|
Top of the 9th over - 1 run, 2 hits, 1 error, 3 left on base; Greensboro 4 - Atlanta (MID) 1 |
BOTTOM OF THE 9TH |
Atlanta (MID) Braves batting - Pitching for Greensboro Grasshoppers : RHP Tamirat Abboud
|
Pitching: RHP Tim Poist
|
|
Now at SS: Juan Zuniga
|
|
Batting: RHB Joseph Kirchmann
|
0-0: Ball 1-0: Ball 2-0: Ball 3-0: Base on Balls
|
Batting: LHB Mark Thomas
|
0-0: Ball 1-0: Called Strike 1-1: Foul Ball, location: 2F 1-2: Ball 2-2: Ball 3-2: Strikes out swinging
|
Batting: LHB Travis Lazaro
|
0-0: Ball 1-0: Ball 2-0: Swinging Strike 2-1: Fielders Choice at 2nd, 3-6 (Groundball, 3, EV 82.5 MPH)
|
Pinch Hitting: RHB Corey Dalton
|
0-0: Ball 1-0: Called Strike 1-1: Ball 2-1: Swinging Strike 2-2: Ball 3-2: Strikes out looking
|
Bottom of the 9th over - 0 runs, 0 hits, 0 errors, 1 left on base; Greensboro 4 - Atlanta (MID) 1 |
|